Map: Divergence LE

Players

Silue - Winner!

  • Race: Protoss Protoss
  • Spawn Location: 11:00

Toni - Winner!

  • Race: Protoss Protoss
  • League: Diamond
  • Spawn Location: 11:00

Massa

  • Race: Terran Terran
  • League: Gold
  • Spawn Location: 5:00

qqq

  • Race: Protoss Protoss
  • League: Platinum
  • Spawn Location: 5:00

VOD

Have the link to the VOD?

Description

Time

  • Played on: June 6, 2020, 3:51 p.m.
  • Length: 22:24
Show
View Real Time Build Order
Export as new Build Order

Silue Protoss - Winner!

Build Orders: Zealot Archon 

Get SALT Encoding   

  12  0:00  Probe  
  13  0:13  Probe  
  14  0:18  Pylon  
  14  0:25  Probe  
  15  0:37  Probe (Chrono Boost)  
  15  0:40  Gateway  
  16  0:48  Probe (Chrono Boost)  
  17  0:53  Probe (Chrono Boost), Assimilator  
  18  1:03  Probe, Assimilator  
  19  1:23  Probe  
  20  1:28  Cybernetics Core  
  20  1:35  Probe  
  21  1:47  Probe  
  22  1:59  Probe  
  22  2:01  Pylon  
  23  2:05  Warp Gate  
  23  2:06  Pylon  
  23  2:10  Robotics Facility  
  23  2:19  Stalker  
  25  2:33  Probe  
  26  2:40  Pylon  
  26  2:45  Probe  
  26  2:49  Stalker  
  29  2:56  Immortal (Chrono Boost)  
  29  2:58  Probe  
  33  3:09  Gateway  
  33  3:10  Probe  
  34  3:22  Probe  
  35  3:28  Observer (Chrono Boost)  
  36  3:40  Immortal (Chrono Boost)  
  40  3:55  Twilight Council  
  40  3:59  Forge  
  40  4:05  Stalker x2  
  44  4:17  Probe  
  45  4:29  Probe  
  46  4:33  Nexus  
  46  4:41  Probe  
  47  4:50  Pylon  
  47  5:04  Pylon  
  47  5:06  Nexus  
  47  5:08  Photon Cannon  
  47  5:09  Probe  
  48  5:21  Probe  
  49  5:33  Probe, Pylon  
  50  5:37  Pylon  
  50  5:45  Probe  
  51  5:50  Assimilator  
  51  5:53  Assimilator  
  51  5:56  Photon Cannon  
  51  5:57  Photon Cannon  
  51  6:06  Probe x2  
  53  6:25  Probe x3  
  56  6:37  Probe x3, Templar Archives  
  55  6:45  Protoss Ground Weapons Level 1  
  55  6:46  Immortal (Chrono Boost)  
  46  6:47  Stalker x2  
  50  6:54  Gateway  
  50  6:57  Gateway  
  50  7:13  Stalker x2  
  48  7:31  Gateway  
  48  7:33  Gateway  
  46  7:40  High Templar  
  46  7:41  High Templar  
  46  7:45  Archon  
  46  7:50  Pylon  
  46  7:59  Probe x2  
  46  8:02  Psionic Storm  
  48  8:06  Charge (Chrono Boost)  
  48  8:08  Pylon  
  48  8:11  Probe  
  49  8:14  High Templar  
  49  8:15  High Templar  
  49  8:16  Stalker x2  
  57  8:35  Probe x2  
  59  8:45  Archon  
  59  8:47  Probe x2  
  52  9:06  Stalker x6  
  60  9:20  Probe x2  
  60  9:22  Photon Cannon  
  62  9:33  Probe x2  
  62  9:34  High Templar x3  
  62  9:35  High Templar  
  62  9:36  Blink (Chrono Boost)  
  72  9:40  Nexus  
  72  9:44  Pylon  
  72  9:48  Protoss Ground Weapons Level 2 (Chrono Boost)  
  72  9:49  Pylon  
  72  9:52  Pylon  
  72  10:07  Stalker x4  
  80  10:31  Stalker x4  
  80  10:32  Stalker x2  
  92  10:56  Photon Cannon  
  92  10:57  Photon Cannon  
  92  10:58  High Templar x4  
  92  10:59  Photon Cannon, High Templar x2  
  104  11:04  Archon  
  104  11:05  Archon x2  
  104  11:10  Gateway  
  104  11:12  Gateway  
  104  11:16  Probe  
  104  11:18  Probe x2, Gateway  
  106  11:20  Gateway  
  106  11:22  Gateway, Assimilator  
  107  11:26  Assimilator  
  107  11:28  Probe  
  107  11:30  Probe x2  
  107  11:32  Zealot x4  
  116  11:33  Zealot x2  
  122  11:40  Probe  
  122  11:42  Probe x2  
  125  11:52  Probe  
  126  11:54  Probe, Pylon x2  
  126  11:55  Probe  
  126  11:56  Pylon  
  126  11:57  Pylon  
  126  11:58  Pylon  
  128  12:05  Probe  
  128  12:06  Probe  
  128  12:07  Probe  
  122  12:17  Zealot x4  
  122  12:18  Zealot x6  
  122  12:19  Zealot  
  126  12:46  Stalker x7  
  126  12:47  Stalker x4  
  112  14:27  Stalker x7  
  112  14:28  Stalker x4  
  94  14:56  Stalker x5  
  94  14:57  Stalker x6  
  94  14:59  Gateway  
  106  15:01  Gateway  
  106  15:02  Protoss Ground Weapons Level 3 (Chrono Boost)  
  106  15:03  Gateway  
  106  15:05  Gateway  
  106  15:07  Gateway  
  106  15:10  Gateway x2  
  106  15:13  Gateway  
  106  15:15  Gateway  
  106  15:19  Gateway  
  106  15:20  Gateway  
  106  15:24  Stalker x2  
  106  15:25  Stalker x6  
  106  15:26  Stalker x3  
  88  16:10  Stalker  
  88  16:11  Stalker x6  
  84  16:12  Stalker x6  
  84  16:13  Stalker x6  
  84  16:14  Stalker  
  102  16:48  Nexus  
  102  16:50  Stalker x7  
  102  16:51  Stalker x5  
  102  16:52  Stalker x7  
  102  16:53  Stalker x3  
  140  17:41  Protoss Ground Armor Level 1 (Chrono Boost)  
  138  17:44  Stalker x4  
  138  17:45  Stalker x5  
  138  17:46  Stalker x7  
  166  18:09  Assimilator  
  165  18:13  Assimilator  
  159  18:52  Zealot x3  
  159  18:53  Zealot x4  
  159  18:54  Zealot x4  
  120  19:05  Zealot x2  
  88  19:28  Stalker x5  
  88  19:29  Stalker  
  98  19:44  Protoss Shields Level 1 (Chrono Boost)  
  84  19:59  Pylon  
  82  20:01  Stalker x5  
  82  20:02  Stalker  
  88  20:25  Zealot x5  
  88  20:26  Zealot  
  88  20:27  High Templar  
  100  20:42  High Templar x3  
  98  20:43  High Templar x5  
  98  20:44  High Templar x3  
  98  20:45  High Templar  
  98  20:47  Archon x3  
  98  20:48  Archon x3  
  118  20:56  High Templar x6  
  118  20:57  High Templar x2  
  132  21:05  Archon x3  
  132  21:06  Archon  
  128  21:22  Stalker x2  
  128  21:23  Stalker x5  
  142  21:41  Stalker x4  
  142  21:42  Stalker  
Show
View Real Time Build Order
Export as new Build Order

Toni Protoss - Winner!

Build Orders: Oracle Opening 

Get SALT Encoding   

  12  0:00  Probe  
  13  0:13  Probe  
  14  0:17  Pylon  
  14  0:25  Probe  
  15  0:35  Gateway  
  15  0:38  Probe (Chrono Boost)  
  17  0:50  Probe (Chrono Boost), Assimilator  
  17  0:55  Probe (Chrono Boost)  
  18  1:04  Probe  
  18  1:09  Assimilator  
  19  1:25  Cybernetics Core  
  19  1:28  Probe  
  20  1:37  Pylon  
  20  1:40  Probe (Chrono Boost)  
  21  1:49  Probe (Chrono Boost)  
  22  1:54  Probe (Chrono Boost)  
  23  2:02  Stargate  
  23  2:04  Warp Gate  
  23  2:06  Probe  
  24  2:18  Probe  
  24  2:20  Gateway  
  25  2:26  Pylon  
  25  2:30  Probe  
  26  2:42  Probe  
  27  2:45  Oracle (Chrono Boost)  
  27  2:48  Stalker  
  32  3:02  Gateway  
  32  3:06  Probe  
  33  3:15  Pylon  
  33  3:16  Oracle  
  33  3:18  Probe  
  37  3:30  Probe  
  38  3:42  Probe  
  39  3:54  Probe  
  37  4:02  Stalker x3  
  41  4:09  Probe  
  44  4:16  Twilight Council  
  44  4:21  Probe  
  45  4:33  Probe  
  46  4:39  Nexus  
  46  4:44  Stalker x2  
  47  4:52  Blink  
  47  4:58  Pylon  
  47  5:06  Forge  
  47  5:13  Pylon  
  47  5:16  Probe  
  47  5:20  Pylon  
  48  5:28  Probe  
  48  5:30  Assimilator  
  48  5:33  Assimilator, Stalker  
  51  5:36  Stalker  
  51  5:40  Probe  
  54  5:46  Phoenix  
  56  6:08  Photon Cannon  
  56  6:11  Photon Cannon  
  54  6:29  Photon Cannon  
  52  6:35  Photon Cannon  
  51  6:41  Stalker x2  
  51  6:42  Stalker  
  51  6:46  Phoenix  
  59  6:49  Probe x2  
  57  7:01  Probe  
  54  7:13  Pylon  
  48  7:36  Stalker x3  
  50  7:54  Forge  
  50  7:55  Forge  
  50  7:58  Pylon  
  50  7:59  Probe x2  
  50  8:03  Pylon  
  50  8:05  Gateway  
  52  8:07  Gateway  
  52  8:09  Gateway  
  52  8:11  Probe x2  
  54  8:15  Gateway  
  53  8:23  Probe x2  
  53  8:24  Protoss Ground Weapons Level 1 (Chrono Boost), Protoss Ground Armor Level 1 (Chrono Boost), Protoss Shields Level 1 (Chrono Boost)  
  53  8:25  Stalker x2  
  53  8:26  Stalker  
  61  8:39  Phoenix  
  45  8:55  Stalker  
  45  8:56  Stalker x2  
  43  9:20  Stalker x5  
  43  9:21  Stalker x2  
  43  9:23  Phoenix  
  59  9:44  Stalker x2  
  59  9:45  Stalker  
  65  9:47  Stalker  
  65  9:49  Nexus  
  67  9:56  Probe x2  
  69  10:08  Probe x2  
  71  10:20  Probe  
  70  10:28  Charge  
  70  10:31  Zealot x2  
  70  10:32  Zealot x4  
  70  10:33  Zealot  
  26  18:48  Nexus  
Show
View Real Time Build Order
Export as new Build Order

Massa Terran 

Build Orders:  

Get SALT Encoding   

  12  0:03  SCV  
  13  0:15  Supply Depot  
  13  0:18  SCV  
  14  0:30  SCV  
  15  0:38  Barracks  
  15  0:42  SCV  
  16  0:54  SCV  
  17  1:06  SCV  
  18  1:17  Refinery  
  18  1:25  Barracks  
  18  1:26  Marine  
  18  1:28  Barracks  
  18  1:31  Supply Depot  
  18  1:32  SCV  
  20  1:44  SCV, Marine  
  22  2:02  Marine  
  22  2:07  Orbital Command  
  23  2:13  Supply Depot  
  23  2:15  Supply Depot  
  23  2:16  Marine x2  
  23  2:20  Marine  
  26  2:35  SCV  
  27  2:43  Supply Depot  
  26  3:00  Refinery  
  26  3:11  Marine x2  
  26  3:12  Factory  
  29  3:15  Barracks Tech Lab  
  28  3:29  Marine  
  28  3:30  Command Center  
  28  3:33  Barracks Reactor  
  29  3:35  Marauder  
  31  3:46  Marine  
  32  3:56  Marauder  
  32  3:58  SCV  
  35  4:05  Factory Tech Lab  
  35  4:17  Marauder  
  35  4:22  Barracks Reactor, Marine x2  
  38  4:39  Marauder  
  38  4:40  Marine x2  
  41  4:58  Marine x2  
  43  5:00  Marauder  
  43  5:03  SCV  
  46  5:09  Engineering Bay  
  46  5:12  Siege Tank  
  49  5:14  Marine  
  49  5:15  SCV, Marine  
  52  5:22  Marauder  
  52  5:27  SCV  
  52  5:28  Stimpack  
  55  5:29  Marine  
  56  5:39  SCV  
  56  5:40  Missile Turret  
  57  5:43  Marauder  
  59  5:51  SCV  
  59  5:52  Missile Turret  
  59  5:53  Marine  
  59  5:54  Marine  
  62  6:03  SCV  
  63  6:04  Marauder  
  65  6:12  Terran Infantry Weapons Level 1  
  65  6:15  SCV  
  66  6:27  SCV  
  65  7:07  Combat Shield  
  50  7:34  Marauder, Marine x3  
  50  7:35  Marine  
  43  7:38  Siege Tank  
  44  7:46  SCV  
  44  7:48  SCV  
  46  7:52  Marine x4  
  46  7:56  Marauder  
  46  7:58  SCV, Command Center  
  53  8:00  SCV  
  54  8:06  Terran Infantry Armor Level 1  
  54  8:08  Armory  
  54  8:10  SCV  
  55  8:12  SCV  
  55  8:17  Marauder  
  58  8:22  SCV  
  58  8:25  SCV  
  58  8:26  Concussive Shells  
  60  8:34  SCV  
  60  8:35  Marine  
  60  8:36  Marine x3  
  60  8:37  SCV  
  60  8:38  Marauder  
  68  8:46  SCV  
  68  8:53  Marine  
  68  8:54  Marine x3  
  62  9:00  Marauder  
  58  9:11  Marine  
  58  9:12  Marine x3  
  57  9:20  Thor  
  57  9:21  Marauder  
  65  9:26  SCV  
  65  9:27  SCV  
  65  9:29  Marine x4  
  72  9:31  SCV  
  67  9:38  SCV  
  67  9:39  SCV  
  67  9:42  Marauder  
  67  9:43  SCV  
  69  9:47  Marine x3  
  69  9:50  SCV  
  69  9:51  SCV  
  74  9:55  SCV  
  75  10:02  Thor  
  75  10:03  SCV x2  
  75  10:04  Marauder  
  85  10:07  Barracks x2  
  85  10:13  Refinery  
  85  10:16  Refinery  
  85  10:20  Supply Depot  
  85  10:21  Supply Depot  
  85  10:27  Supply Depot  
  85  10:28  Supply Depot  
  85  10:30  SCV x2  
  85  10:42  Marauder, Marine x2  
  89  10:45  Supply Depot  
  89  10:54  Supply Depot  
  89  10:56  Factory  
  89  10:57  Starport  
  89  11:00  Barracks Reactor, Barracks Tech Lab  
  89  11:02  Marine  
  89  11:03  Marine x3  
  89  11:04  Marauder  
  95  11:08  SCV  
  97  11:11  Orbital Command  
  97  11:14  Orbital Command  
  96  11:19  Refinery  
  96  11:20  Refinery, SCV, Marine x3  
  96  11:21  Marine  
  96  11:25  Marauder  
  103  11:29  Marauder  
  105  11:36  Medivac  
  105  11:38  Marine x4  
  111  11:41  Bunker  
  111  11:45  Factory Tech Lab  
  111  11:46  Marauder  
  113  11:50  Marauder  
  113  11:53  Starport  
  115  11:56  Marine x4  
  119  12:08  Marauder  
  121  12:11  Marauder  
  121  12:14  Marine x2  
  118  12:29  Marauder  
  82  12:31  Thor x2  
  82  12:33  Marauder, Marine x6  
  88  12:43  Bunker  
  88  12:50  Marine  
  88  12:51  Marauder, Marine x5  
  92  12:54  Marauder  
  75  13:08  Marine x2  
  75  13:09  Marine  
  75  13:12  Marauder  
  63  13:26  Marine  
  63  13:27  Marine  
  64  13:33  Marauder  
  67  13:34  Marine  
  67  13:35  Marine  
  67  13:38  Thor  
  67  13:52  Marine x2  
  67  13:55  Marauder  
  62  14:10  Barracks, Marine x2  
  62  14:11  Barracks x3  
  62  14:12  Barracks x3  
  62  14:15  Barracks  
  62  14:16  Marauder  
  64  14:21  Thor  
  68  14:28  Barracks, Marine x2  
  68  14:30  Barracks  
  69  14:32  Barracks x2  
  69  14:37  Marauder  
  61  14:59  Marauder  
  63  15:01  Marine x2  
  65  15:18  Factory, Marine  
  65  15:19  Marine  
  65  15:20  Marauder, Factory  
  69  15:24  Marine x3  
  70  15:36  Marine x2  
  70  15:42  Marauder, Marine x3  
  72  15:53  Barracks Reactor x2, Barracks Tech Lab  
  72  15:54  Barracks Tech Lab, Marine  
  73  15:57  Marine x2  
  73  15:58  Marine  
  73  15:59  Marine  
  73  16:00  Marine x2, Thor  
  73  16:03  Marauder  
  87  16:12  Marine  
  87  16:15  Marine x3  
  87  16:17  Marine x2  
  87  16:18  Marine  
  94  16:24  Marauder  
  96  16:28  Factory Tech Lab  
  96  16:30  Marine  
  97  16:33  Marine x3  
  97  16:35  Marine x3  
  103  16:43  Thor  
  103  16:46  Barracks Reactor, Marauder  
  111  16:47  Marine  
  111  16:50  Marauder x2, Marine x2  
  111  16:51  Marine x2  
  111  16:53  Marine  
  111  16:54  Marine x2  
  112  17:05  Marine  
  112  17:07  Marauder  
  112  17:08  Marine x3  
  115  17:15  Command Center  
  116  17:27  Supply Depot  
  116  17:51  Supply Depot  
  116  18:13  Supply Depot  
  116  18:26  Marine x3  
  119  18:35  Marauder x2, Marine x4  
  119  18:36  Supply Depot  
  127  18:56  Marauder, Marine x4  
  127  18:59  Supply Depot  
  55  19:13  Marine  
  55  19:14  Marauder x2, Marine x2  
  55  19:17  Marauder, Thor  
  62  19:23  Refinery  
  68  19:47  Command Center  
  68  19:54  Orbital Command  
  68  19:59  Thor  
  68  20:00  Terran Infantry Weapons Level 2  
  74  20:19  Marauder x2, Marine  
  74  20:20  Marauder, Marine  
  82  20:37  Command Center  
  82  20:41  Marauder  
  52  21:16  Thor  
  52  21:18  Marauder x3, Marine x2  
  61  21:20  Marine  
  63  21:37  Orbital Command  
  63  21:39  Marauder x3  
  69  21:49  Marine x3  
  69  21:50  Marine  
  69  21:51  Marine  
  74  21:57  SCV  
  74  22:00  Marauder x2  
  74  22:01  Marauder  
  87  22:09  SCV  
  87  22:12  SCV x2  
Show
View Real Time Build Order
Export as new Build Order

qqq Protoss 

Build Orders: Phoenix Opening, Carriers 

Get SALT Encoding   

  12  0:02  Probe  
  13  0:16  Pylon  
  13  0:19  Probe  
  14  0:37  Gateway  
  14  0:38  Probe  
  14  0:42  Assimilator  
  15  1:02  Probe  
  15  1:14  Pylon  
  15  1:15  Probe  
  16  1:18  Assimilator  
  16  1:27  Probe  
  16  1:31  Cybernetics Core  
  17  1:39  Probe (Chrono Boost)  
  18  1:51  Probe (Chrono Boost)  
  19  1:58  Probe (Chrono Boost)  
  20  2:05  Probe  
  20  2:08  Stargate  
  21  2:17  Probe  
  22  2:29  Probe  
  23  2:34  Nexus  
  23  2:55  Phoenix (Chrono Boost), Stargate  
  25  3:15  Phoenix (Chrono Boost)  
  27  3:35  Phoenix  
  27  3:38  Phoenix  
  31  3:46  Pylon  
  25  3:48  Pylon  
  25  3:54  Probe  
  20  4:06  Probe  
  21  4:18  Probe  
  21  4:20  Probe  
  23  4:30  Probe  
  24  4:32  Probe  
  25  4:42  Probe  
  26  4:48  Probe  
  27  4:54  Probe  
  28  5:00  Probe  
  28  5:06  Probe (Chrono Boost)  
  30  5:14  Probe (Chrono Boost)  
  31  5:19  Probe (Chrono Boost)  
  32  5:24  Probe (Chrono Boost)  
  32  5:26  Probe (Chrono Boost)  
  34  5:28  Probe (Chrono Boost)  
  34  5:33  Probe  
  36  5:39  Probe  
  37  5:44  Phoenix  
  37  5:45  Probe  
  37  5:47  Phoenix  
  42  5:51  Probe  
  43  5:57  Probe  
  43  6:03  Probe  
  45  6:08  Protoss Air Weapons Level 1  
  45  6:09  Phoenix  
  47  6:12  Phoenix  
  49  6:34  Phoenix  
  49  6:37  Phoenix  
  53  6:59  Phoenix  
  55  7:02  Phoenix  
  53  7:24  Phoenix  
  53  7:27  Phoenix  
  57  7:44  Probe  
  57  7:49  Phoenix  
  60  7:52  Phoenix, Pylon  
  60  7:55  Pylon  
  62  8:05  Assimilator  
  62  8:09  Pylon, Assimilator  
  62  8:10  Probe  
  62  8:11  Pylon  
  63  8:14  Phoenix, Pylon  
  63  8:17  Pylon  
  65  8:22  Probe, Phoenix  
  68  8:35  Probe  
  68  8:41  Nexus  
  69  8:47  Probe  
  70  8:59  Probe  
  71  9:11  Probe  
  72  9:23  Probe  
  73  9:30  Fleet Beacon  
  73  9:35  Probe  
  74  9:45  Protoss Air Armor Level 1, Robotics Facility  
  74  9:47  Probe  
  74  9:48  Phoenix  
  74  9:52  Void Ray  
  81  9:53  Pylon  
  81  9:56  Probe  
  81  9:58  Pylon  
  81  9:59  Probe  
  83  10:01  Assimilator  
  83  10:07  Assimilator  
  83  10:08  Probe, Forge  
  83  10:11  Pylon  
  83  10:13  Phoenix, Pylon  
  86  10:20  Probe  
  87  10:32  Probe  
  78  10:44  Probe  
  76  11:04  Phoenix x2  
  76  11:11  Stargate  
  80  11:22  Probe  
  81  11:29  Carrier x2  
  93  11:34  Probe  
  94  11:46  Probe  
  95  11:58  Probe  
  84  12:10  Probe  
  59  12:16  Carrier  
  64  12:22  Probe  
  64  12:34  Probe, Carrier x2  
  77  12:43  Nexus  
  77  12:47  Probe, Photon Cannon  
  77  12:49  Photon Cannon  
  78  12:51  Photon Cannon  
  78  12:54  Photon Cannon  
  78  12:55  Photon Cannon  
  78  12:58  Mothership (Chrono Boost)  
  78  12:59  Probe  
  78  13:00  Photon Cannon  
  78  13:01  Shield Battery  
  78  13:03  Shield Battery  
  87  13:05  Shield Battery  
  87  13:06  Pylon  
  87  13:09  Pylon  
  87  13:11  Probe  
  88  13:21  Carrier  
  93  13:43  Carrier  
  97  14:01  Pylon  
  96  14:03  Pylon  
  96  14:06  Pylon  
  79  14:28  Probe (Chrono Boost)  
  79  14:34  Probe  
  80  14:46  Probe  
  81  14:57  Carrier  
  81  14:58  Probe  
  88  15:01  Probe  
  89  15:11  Probe (Chrono Boost)  
  89  15:13  Probe (Chrono Boost)  
  91  15:25  Probe (Chrono Boost)  
  93  15:29  Probe (Chrono Boost)  
  93  15:32  Probe (Chrono Boost)  
  93  15:34  Carrier  
  93  15:35  Probe (Chrono Boost)  
  101  15:40  Probe  
  102  15:47  Probe  
  103  15:52  Probe  
  80  16:14  Carrier  
  80  16:28  Carrier  
  86  16:33  Immortal  
  90  16:45  Robotics Bay  
  84  16:53  Carrier  
  90  17:00  Assimilator  
  90  17:05  Assimilator  
  90  17:19  Carrier  
  63  18:40  Carrier x2  
  53  20:00  Nexus  
  53  20:08  Nexus  
Tags
 
Add a new tag
Caveats
  • Supply blocks, unpowered buildings, or Contaminate may cause inaccurate times.
  • Supply counts are checked every 10 seconds.